Map: Persephone LE

Players

Fjant

  • Race: Zerg Zerg
  • League: Grandmaster
  • Spawn Location: 7:00

Lambo - Winner!

  • Race: Zerg Zerg
  • Spawn Location: 11:00

Event: HomeStory Cup XXVII

VOD

Have the link to the VOD?

Description

Time

  • Played on: June 27, 2025, 7:07 a.m.
  • Length: 10:05

All games in this series

Show
View Real Time Build Order
Export as new Build Order

Fjant Zerg 

Build Orders: Hatch First 

Get SALT Encoding   

  12  0:00  Drone  
  13  0:09  Drone  
  14  0:14  Drone, Extractor  
  14  0:21  Overlord  
  15  0:39  Drone  
  15  0:40  Drone  
  17  0:48  Hatchery  
  16  0:52  Drone  
  16  0:56  Drone  
  18  1:06  Extractor  
  18  1:10  Spawning Pool  
  16  1:14  Drone  
  16  1:16  Drone  
  18  1:26  Drone  
  19  1:38  Drone  
  20  1:50  Drone  
  21  2:00  Zergling x2  
  22  2:01  Queen x2  
  22  2:02  Overlord  
  26  2:09  Drone, Metabolic Boost  
  26  2:13  Drone  
  28  2:21  Drone  
  28  2:22  Drone  
  30  2:32  Drone  
  30  2:33  Drone  
  30  2:36  Hatchery  
  31  2:41  Drone  
  32  2:45  Baneling Nest  
  32  2:50  Drone  
  32  2:51  Overlord  
  32  2:55  Drone  
  33  3:05  Zergling x4  
  35  3:11  Zergling x6, Drone  
  35  3:12  Drone x2  
  41  3:19  Drone  
  42  3:22  Drone  
  43  3:27  Zergling x2  
  44  3:37  Baneling  
  44  3:38  Overlord  
  44  3:40  Overlord  
  44  3:55  Drone  
  42  3:56  Drone x2  
  42  3:59  Queen  
  42  4:00  Zergling x12  
  42  4:02  Roach Warren  
  51  4:07  Drone  
  51  4:08  Drone  
  53  4:11  Queen  
  53  4:16  Extractor  
  54  4:20  Baneling  
  54  4:21  Baneling  
  54  4:27  Overlord  
  52  4:40  Overlord  
  52  4:43  Roach x7  
  63  4:47  Roach  
  63  4:49  Zergling x6  
  66  4:53  Zergling x2  
  66  4:54  Baneling x2  
  66  4:56  Zergling x4  
  69  5:01  Zergling x6  
  69  5:02  Baneling  
  69  5:03  Baneling  
  69  5:05  Zergling x2  
  73  5:08  Zergling x4  
  76  5:14  Zergling x2  
  76  5:18  Zergling x2  
  74  5:21  Overlord  
  74  5:24  Baneling x2  
  74  5:27  Drone  
  74  5:28  Overlord  
  73  5:29  Overlord  
  73  5:31  Overlord  
  73  5:35  Lair  
  73  5:36  Overlord  
  73  5:39  Overlord  
  73  5:41  Drone  
  73  5:42  Drone x4  
  78  5:48  Roach  
  80  5:50  Drone  
  80  5:54  Drone x4  
  80  5:55  Evolution Chamber  
  84  6:02  Overlord  
  84  6:05  Overlord  
  84  6:07  Drone  
  85  6:17  Drone x3  
  81  6:20  Drone x2  
  81  6:21  Roach  
  81  6:24  Roach  
  81  6:25  Roach x3  
  93  6:27  Roach  
  95  6:34  Spine Crawler  
  95  6:36  Roach x2  
  95  6:37  Ravager  
  95  6:38  Roach  
  98  6:47  Roach  
  98  6:48  Roach x2  
  98  6:49  Drone x3  
  98  6:52  Roach  
  98  6:53  Zergling x10, Extractor  
  113  6:59  Drone  
  114  7:05  Zergling x2  
  114  7:06  Zergling x2  
  116  7:14  Drone, Zerg Missile Weapons Level 1  
  116  7:15  Drone  
  118  7:18  Overlord  
  118  7:20  Extractor  
  118  7:21  Extractor  
  118  7:22  Overlord  
  115  7:24  Overlord  
  115  7:26  Overlord  
  115  7:27  Overlord x3  
  115  7:28  Overlord x2  
  115  7:30  Overlord  
  115  7:31  Glial Reconstitution  
  115  7:38  Overlord  
  115  7:42  Overseer  
  115  7:44  Drone  
  115  7:45  Drone x4  
  115  7:48  Drone x2  
  115  7:51  Drone x2  
  124  7:55  Hatchery, Roach  
  124  7:56  Roach x2  
  129  7:59  Ravager x2  
  129  8:00  Ravager  
  129  8:06  Roach x3  
  129  8:07  Zergling x4  
  129  8:10  Roach x2  
  137  8:14  Roach  
  130  8:20  Roach x4  
  130  8:22  Zergling x4  
  132  8:28  Roach  
  132  8:29  Roach  
  132  8:33  Roach x2  
  133  8:38  Roach x2  
  137  8:41  Roach  
  137  8:44  Roach x2  
  142  8:50  Roach x3  
  142  8:54  Roach x2  
  148  9:02  Roach x5  
  151  9:09  Extractor  
  150  9:10  Extractor  
  150  9:12  Roach x3  
  150  9:14  Roach x2  
  156  9:17  Roach  
  156  9:19  Roach  
  158  9:26  Roach x2  
  156  9:33  Roach x3  
  156  9:37  Roach x3  
  154  9:41  Roach  
  154  9:44  Roach  
Show
View Real Time Build Order
Export as new Build Order

Lambo Zerg - Winner!

Build Orders: Hatch First 

Get SALT Encoding   

  12  0:00  Drone  
  13  0:09  Drone  
  14  0:14  Extractor  
  14  0:15  Drone  
  15  0:21  Overlord  
  15  0:41  Drone  
  16  0:45  Hatchery  
  16  0:49  Drone  
  16  0:52  Drone  
  16  0:56  Drone  
  18  1:07  Extractor  
  18  1:11  Spawning Pool  
  16  1:13  Drone  
  16  1:17  Drone  
  18  1:26  Drone  
  19  1:37  Drone  
  20  1:47  Drone  
  21  1:57  Queen x2  
  21  1:58  Zergling x2  
  21  1:59  Overlord  
  26  2:08  Drone  
  27  2:09  Drone  
  27  2:10  Metabolic Boost  
  28  2:18  Drone  
  28  2:19  Drone  
  30  2:29  Drone  
  31  2:31  Drone  
  31  2:37  Hatchery  
  31  2:40  Drone  
  32  2:45  Baneling Nest  
  32  2:48  Overlord  
  31  2:52  Drone  
  31  2:56  Zergling x2  
  33  3:02  Drone  
  33  3:03  Drone  
  33  3:05  Drone  
  36  3:08  Drone x3  
  36  3:09  Zergling x4  
  41  3:15  Overlord  
  41  3:18  Drone  
  42  3:23  Queen  
  44  3:28  Extractor  
  44  3:29  Baneling  
  44  3:32  Baneling  
  44  3:34  Drone x2  
  45  3:36  Zergling x2  
  45  3:38  Drone  
  45  3:39  Baneling  
  47  3:42  Drone x4  
  47  3:43  Drone  
  52  3:54  Roach Warren  
  52  3:55  Zergling x4  
  51  3:58  Drone x2  
  53  4:04  Extractor  
  53  4:05  Overlord  
  53  4:06  Overlord  
  53  4:08  Drone  
  53  4:13  Zergling x8  
  53  4:17  Overlord  
  57  4:19  Baneling x2  
  57  4:20  Baneling x2  
  57  4:21  Overlord  
  57  4:26  Zergling x8  
  55  4:46  Roach x9  
  72  4:55  Roach x3  
  78  5:00  Roach x2  
  78  5:05  Zergling x4  
  84  5:12  Roach x3  
  90  5:17  Overlord  
  90  5:18  Overlord  
  90  5:20  Overlord  
  89  5:23  Overlord  
  89  5:32  Drone  
  89  5:33  Lair  
  89  5:35  Drone  
  90  5:37  Evolution Chamber  
  90  5:38  Drone x2  
  90  5:39  Drone x2  
  90  5:42  Drone  
  94  5:45  Drone x2  
  94  5:49  Roach x2  
  100  5:53  Drone  
  100  5:54  Drone x2  
  103  6:02  Zerg Missile Weapons Level 1  
  103  6:03  Drone  
  104  6:05  Roach x3  
  104  6:06  Extractor  
  104  6:09  Overlord  
  109  6:14  Drone x3  
  106  6:20  Drone x3  
  106  6:21  Queen  
  111  6:27  Ravager x4  
  111  6:28  Drone x2  
  111  6:29  Drone x2  
  119  6:34  Drone x2  
  119  6:37  Extractor, Roach x2  
  123  6:44  Roach x3  
  129  6:55  Overlord x4  
  129  6:56  Overlord  
  129  6:59  Extractor  
  130  7:08  Roach  
  130  7:09  Overlord  
  130  7:12  Overlord  
  130  7:16  Roach x7  
  130  7:19  Drone  
  145  7:23  Drone  
  145  7:24  Drone  
  145  7:26  Overseer  
  145  7:29  Drone x3  
  149  7:34  Roach x2  
  149  7:35  Ravager x2  
  149  7:36  Ravager  
  156  7:38  Roach  
  156  7:40  Hatchery  
  156  7:41  Roach x2  
  156  7:43  Drone x2  
  163  7:49  Roach x2  
  167  7:51  Ravager x2  
  167  7:53  Glial Reconstitution  
  177  7:58  Roach x4  
  177  8:00  Roach  
  179  8:06  Roach x3  
  179  8:09  Roach  
  181  8:19  Roach x4  
  185  8:21  Roach  
  185  8:23  Roach  
  185  8:33  Roach x4  
  185  8:38  Overlord  
  185  8:42  Spire  
  185  8:46  Overlord  
  184  8:53  Roach x4  
  190  8:57  Roach x4  
  197  9:03  Roach  
  197  9:08  Roach x2  
  198  9:16  Evolution Chamber  
  189  9:36  Roach x9  
  197  9:40  Roach  
Tags
 
Add a new tag
Caveats
  • Supply blocks, unpowered buildings, or Contaminate may cause inaccurate times.
  • Supply counts are checked every 10 seconds.